 Dungeon Crawl Stone Soup version 0.30-b1-2-g02819fbbbe (webtiles) character file.

Game seed: 8132588366872488904

160 redmage the Digger (level 6, -1/40 (45) HPs)
             Began as a Meteoran Earth Elementalist on Sept 22, 2023.
             Slain by a sleepcap (7 damage)
             ... on level 6 of the Dungeon.
             The game lasted 00:05:41 (541 turns).

redmage the Digger (Meteoran Earth Elementalist)     Turns: 541, Time: 00:05:41

HP:   -1/40 (45)    AC:  2    Str: 11    XL:     6   Next: 1%
MP:   9/14          EV: 12    Int: 18    God:
Gold: 94            SH:  0    Dex: 14    Spells: 9/15 levels left

rFire   . . .        l - +1 dagger (holy)
rCold   . . .        (no shield)
rNeg    . . .        a - +0 robe
rPois   .            (no helmet)
rElec   .            (no cloak)
rCorr   .            (no gloves)
SInv    .            (no boots)
Will    .....        (no amulet)
Stlth   +            (no ring)
HPRegen 0.26/turn    (no ring)
MPRegen 0.14/turn

%: no passive effects
@: very slightly contaminated, glowing, heavily drained
A: sense surroundings 1, otherworldly, glowing, explore regen
a: no special abilities


You were on level 6 of the Dungeon.
You visited 1 branch of the dungeon, and saw 7 of its levels.

You collected 94 gold pieces.

Inventory:

Hand Weapons
 e - a +3 quarterstaff
 l - a +1 dagger of holy wrath (weapon)
Armour
 a - a +0 robe (worn)
Scrolls
 c - a scroll of teleportation {unknown}
 g - 2 scrolls of identify {unknown}
 j - a scroll of enchant armour {unknown}
Potions
 b - a potion of magic
 d - a potion of degeneration {unknown}
 f - a potion of brilliance {unknown}
 h - a potion of curing {unknown}
 i - a potion of might {unknown}
 k - a potion of invisibility {unknown}


   Skills:
 - Level 2.4 Dodging
 - Level 1.4 Stealth
 + Level 5.0 Spellcasting
 - Level 1.2 Transmutations
 + Level 5.6 Earth Magic


You had 9 spell levels left.
You knew the following spells:

 Your Spells              Type           Power      Damage    Failure   Level
a - Sandblast             Erth           48%        2d12      1%          1
b - Passwall              Tmut/Erth      13%        N/A       4%          2
c - Stone Arrow           Conj/Erth      28%        3d8       12%         3

Your spell library contained the following spells:

 Spells                   Type           Power      Damage    Failure   Level
 Petrify                  Tmut/Erth      16%        N/A       32%         4
 Frozen Ramparts          Ice            8%         1d2       36%         3
 Ice Form                 Ice/Tmut       6%         N/A       71%         4
 Anguish                  Hex/Necr       2%         N/A       78%         4
 Cause Fear               Hex            2%         N/A       78%         4
 Summon Ice Beast         Ice/Summ       4%         N/A       78%         4
 Enfeeble                 Hex            2%         N/A       100%        7


Dungeon Overview and Level Annotations

Branches:
Dungeon (7/15) Zot: 3630
 Temple: D:4-7

Altars:
Trog

Shops:
D:4 [


Innate Abilities, Weirdness & Mutations

You passively map a small area around you.
You are easily found by Zot.
You glow in the dark.
You regain HP and MP as you explore.


Message History

You feel drained.
A wight comes into view. It is wielding a +0 halberd.
The wight closely misses you. The wight barely misses you.
A hound comes into view.
There is a stone staircase leading up here.
The wight hits you from afar with a +3 spear!
You feel drained. The wight closely misses you.
You climb upwards.
There is a stone staircase leading down here.
Casting: Sandblast (safe; 1% risk of failure)
Confirm with . or Enter, or press ? or * to list all spells.
Aiming: Passwall (safe; 4% risk of failure)
Press: ? - help, Dir - move target A rock wall.
You miscast Passwall.
You are very lightly contaminated with residual magic.
Nothing appears to happen.
The wight closely misses you. The sleepcap releases spores at you.
You are engulfed in a cloud of soporific spores!
You fall asleep.
The wight hits you with a +0 long sword!
You wake up.
The sleepcap misses you.
Unknown command.
Unknown command.
Unknown command.
Unknown command.
Casting: Passwall (safe; 4% risk of failure)
Confirm with . or Enter, or press ? or * to list all spells.
Aiming: Passwall (safe; 4% risk of failure)
Press: ? - help, Dir - move target A rock wall.
The wight hits you with a +0 long sword!
* * * LOW HITPOINT WARNING * * *
You feel drained.
* * * LOW HITPOINT WARNING * * *
The sleepcap closely misses you.
You begin to meditate on the wall.
You continue meditating on the rock.
The wight misses you. The sleepcap releases spores at you!
You die...

*
###*
* ,
..#
#.. *
#.#,*
#.#
#.#
#f#
#@#,*
#z#
#.#
#.#
#.#
#.#
#.#,
* #.#


You could see a sleepcap and a wight.

Vanquished Creatures
  A bullfrog (D:7)
  A scorpion (D:7)
  An adder (D:4)
  A dart slug (D:4)
  A worm (D:3)
  2 bats
  2 giant cockroaches
  A goblin (D:1)
  A hobgoblin (D:4)
  9 jackals (D:1)
  A kobold (D:1)
  A rat (D:2)
22 creatures vanquished.

Notes
Turn   | Place    | Note
-------+----------+-------------------------------------------
     0 | D:1      | redmage the Meteoran Earth Elementalist began the quest for
                  | the Orb.
     0 | D:1      | Reached XP level 1. HP: 14/14 MP: 5/5
    71 | D:1      | Reached XP level 2. HP: 20/20 MP: 1/7
   134 | D:1      | Learned a level 2 spell: Passwall
   197 | D:1      | Reached XP level 3. HP: 26/26 MP: 6/8
   202 | D:1      | Learned a level 3 spell: Stone Arrow
   353 | D:4      | Found Toikk's Armour Shop.
   372 | D:5      | Entered Level 5 of the Dungeon
   391 | D:4      | You fall into a shaft and drop 3 floors!
   417 | D:7      | Found a bloodstained altar of Trog.
   423 | D:7      | Noticed a bullfrog
   427 | D:7      | Killed a bullfrog
   428 | D:7      | Reached skill level 5 in Earth Magic
   428 | D:7      | Reached XP level 4. HP: 27/33 MP: 6/11
   428 | D:7      | Reached XP level 5. HP: 32/38 MP: 6/12
   525 | D:7      | Reached skill level 5 in Spellcasting
   525 | D:7      | Reached XP level 6. HP: 45/45 MP: 7/14
   541 | D:6      | Slain by a sleepcap

Illustrated notes

Levels and vault maps discovered:
D:1:      lightli_arrival_windingriver, layout_basic
D:2:      layout_rooms, shapermc_ecumenical_altar_pompeii, uniq_jessica
D:3:      layout_loops_ring
D:4:      layout_basic, led_sif_book, kennysheep_flooded_box,
          minmay_misc_feat_tower, kennysheep_small_circle
D:5:      layout_loops_cross, lightli_temple_of_fire, minitemple,
          minmay_fire_ice_demons, uniq_edmund
D:6:      layout_basic
D:7:      layout_layer_cave, bloody_trog, lemuel_mausoleum_altar_yredelemnul,
          minmay_temple_entry_stoned_glass, minmay_misc_feat_tiny,
          minmay_manual_mess

Skill      XL: |  1  2  3  4  5 |
---------------+----------------+-----
Spellcasting   | 3 4 5 |  5.0
Earth Magic    | 4 5 |  5.6
Dodging        | |  2.4
Stealth        | |  1.4
Transmutations | |  1.2

Action                     |  1- 3 |  4- 6 || total
---------------------------+-------+-------++-------
  Melee: Unarmed           |     6 |       ||     6
   Cast: Sandblast         |    41 |     6 ||    47
         Passwall          |     2 |     2 ||     4
    Use: Scroll            |     3 |       ||     3
 Armour: Robe              |    22 |     1 ||    23
  Dodge: Dodged            |    23 |    12 ||    35
